 Dungeon Crawl Stone Soup version 0.21-a0-111-g52d2817 (webtiles) character file.

329 GordonOverkill the Vandal (level 6, 0/30 HPs)
             Began as a Spriggan Assassin on July 11, 2017.
             Shot with an arrow by a centaur (9 damage)
             ... on level 5 of the Dungeon.
             The game lasted 00:15:31 (5723 turns).

GordonOverkill the Vandal (Spriggan Assassin)       Turns: 5723, Time: 00:15:32

Health: 0/30       AC:  4    Str: 10    XL:     6   Next: 25%
Magic:  7/7        EV: 18    Int: 12    God:
Gold:   245        SH:  0    Dex: 20    Spells: 5/5 levels left

rFire    + . .     SeeInvis +   a - +0 fustibalus
rCold    . . .     Gourm    .   (shield restricted)
rNeg     . . .     Faith    .   A - +1 robe {rF+}
rPois    .         Spirit   .   (helmet restricted)
rElec    .         Reflect  .   d - +0 cloak
rCorr    .         Harm     .   (gloves unavailable)
MR       +....                  (boots unavailable)
Stlth    ++++......             (no amulet)
HPRegen  0.10/turn              y - +3 ring of strength
MPRegen  0.10/turn              (no ring)

@: very quick
A: unfitting armour, see invisible, herbivore 3, speed 3, slow metabolism 2
a: no special abilities


You were on level 5 of the Dungeon.
You were near starving.

You visited 1 branch of the dungeon, and saw 5 of its levels.

You collected 245 gold pieces.

Inventory:

Hand Weapons
 a - a +0 fustibalus (weapon)
 b - a +2 dagger
 w - a +0 blowgun
Missiles
 e - 21 poisoned needles
 f - 2 curare-tipped needles
 l - 85 stones
 m - 38 sling bullets (quivered)
Armour
 d - a +0 cloak (worn)
 A - a +1 robe of fire resistance (worn)
Jewellery
 y - a +3 ring of strength (left hand)
Scrolls
 q - a scroll of magic mapping
 r - 2 scrolls of identify
 s - a scroll of remove curse
Potions
 c - a potion of invisibility {unknown}
 i - 2 potions of flight {unknown}
 j - a potion of brilliance
 n - a potion of lignification
 t - 2 potions of cancellation
 v - 2 potions of heal wounds
 x - 2 potions of curing
Comestibles
 g - 2 bread rations
 h - 4 fruits
 k - a royal jelly


   Skills:
 - Level 1.8 Fighting
 - Level 2.5 Short Blades
 * Level 6.8(7.0) Slings
 - Level 2.0(4.1) Throwing
 - Level 2.4 Dodging
 - Level 6.2 Stealth


You had 5 spell levels left.
You didn't know any spells.

Dungeon Overview and Level Annotations

Branches:
Dungeon (5/15)
 Temple: D:4-7

Altars:
Cheibriados
Elyvilon
Gozag
Qazlal
Sif Muna
Trog
Xom
Yredelemnul
The Shining One


Innate Abilities, Weirdness & Mutations

You are very small and have problems with some larger weapons.
You are too small for most types of armour.
You have supernaturally acute eyesight. (SInv)
You are a herbivore.
You cover ground extremely quickly.
You need consume almost no food.


Message History

The arrow closely misses you.
Quiver which item? (- for none, * to show all) (? for menu, Esc to quit)
Quivering
m - 40 sling bullets for slings.
Firing (i - inventory. (,) - cycle):
m - 40 sling bullets (quivered)
Press: ? - help, Shift-Dir - straight line, f/p - centaur
Aim: a centaur, wielding a shortbow You shoot a sling bullet.
The sling bullet hits the centaur.
The centaur is lightly wounded.
The centaur shoots an arrow.
The arrow hits you!
You are too injured to fight recklessly!
You are too injured to fight recklessly!
Firing (i - inventory. (,) - cycle):
m - 39 sling bullets (quivered)
Press: ? - help, Shift-Dir - straight line, f/p - centaur
Aim: a centaur, wielding a shortbow (lightly wounded)
You shoot a sling bullet. The sling bullet hits the centaur.
The centaur is heavily wounded.
The centaur shoots an arrow.
The arrow hits you.
* * * LOW HITPOINT WARNING * * *
The centaur shoots an arrow.
The arrow hits you!
You die...

..........##
...........#
...........#
...........##
............
..........#
.........#
#....@#
#####.....#
.........
...(......
...........
............
.............
####..c.......


You could see a centaur.

Vanquished Creatures
  Edmund (D:3)
  A hound (D:4)
  A bullfrog skeleton (D:4)
  A worker ant (D:4)
  3 adders
  An ooze (D:1)
  6 worms
  3 dart slugs
  2 leopard geckos
  2 orcs
  A ball python (D:2)
  9 bats
  7 giant cockroaches
  6 goblins
  7 hobgoblins
  10 jackals
  6 kobolds
  3 frilled lizards
  8 rats
78 creatures vanquished.

Vanquished Creatures (others)
  A plant (D:1)
1 creature vanquished.

Grand Total: 79 creatures vanquished

Notes
Turn   | Place    | Note
-------+----------+-------------------------------------------
     0 | D:1      | GordonOverkill the Spriggan Assassin began the quest for the Orb.
     0 | D:1      | Reached XP level 1. HP: 10/10 MP: 2/2
   126 | D:1      | Reached XP level 2. HP: 15/15 MP: 3/3
   554 | D:1      | Reached skill level 1 in Slings
   655 | D:1      | Reached XP level 3. HP: 15/18 MP: 4/4
  1139 | D:2      | Noticed a moth of wrath
  1142 | D:2      | Found a bloodstained altar of Trog.
  1400 | D:2      | Found a stormy altar of Qazlal.
  1558 | D:2      | Found an opulent altar of Gozag.
  2215 | D:2      | Reached XP level 4. HP: 23/23 MP: 5/5
  3104 | D:3      | Found a deep blue altar of Sif Muna.
  3983 | D:4      | Noticed Edmund
  4069 | D:3      | Killed Edmund
  4069 | D:3      | Reached XP level 5. HP: 13/26 MP: 6/6
  4463 | D:4      | Reached XP level 6. HP: 29/30 MP: 7/7
  4465 | D:4      | Found a snail-covered altar of Cheibriados.
  4860 | D:4      | Found a basalt altar of Yredelemnul.
  4884 | D:4      | Found a glowing golden altar of the Shining One.
  4892 | D:4      | Found a white marble altar of Elyvilon.
  4899 | D:4      | Noticed an angel
  5333 | D:4      | Found a shimmering altar of Xom.
  5410 | D:5      | Entered Level 5 of the Dungeon
  5723 | D:5      | Shot with an arrow by a centaur

Vault maps used:
D:1:      tarquinn_simple_flora_water_f, serial_forest,
          infiniplex_forest_clump_curved, infiniplex_forest_clump_long,
          infiniplex_forest_clump_curved, infiniplex_forest_straight_3,
          infiniplex_forest_clump_small, infiniplex_forest_straight_4,
          infiniplex_forest_straight_2, infiniplex_forest_lined_corner,
          infiniplex_forest_clump_double, infiniplex_forest_clump_cross,
          minmay_tromino_v4_b
D:2:      nicolae_gozag_cash_rules_everything_around_me,
          nicolae_qazlal_general_emergency, tgw_trog
D:3:      first_bread, led_sif_pool
D:4:      grunt_temple_overflow_holy_war, xom_teletrap_fun,
          kennysheep_slug_shrine, kennysheep_mini_moat, uniq_edmund
D:5:      minmay_temple_entry_butterflies, serial_shops, shop

Skill      XL: |  1  2  3  4 |
---------------+-------------+-----
Stealth        | 6 |  6.2
Dodging        | 2 |  2.4
Slings         | 1 3 6 |  6.8
Fighting       | |  1.8
Short Blades   | |  2.5
Throwing       | |  2.0

Action                   |  1- 3 |  4- 6 || total
-------------------------+-------+-------++-------
Melee: Dagger            |    81 |       ||    81
 Fire: Hunting sling     |   172 |   208 ||   380
       Fustibalus        |       |    31 ||    31
  Use: Scroll            |       |    12 ||    12
 Stab: Sleeping          |     7 |       ||     7
Armor: Robe              |    19 |    20 ||    39
Dodge: Dodged            |    63 |   117 ||   180
